 Dungeon Crawl Stone Soup version 0.24.0-123-gd5b16e6ec5 (webtiles) character file.

Game seed: 5607158284817374880, levelgen mode: deterministic

750 Notrik the Covert (level 7, -3/53 HPs)
             Began as a Vampire Assassin on Feb 1, 2020.
             Slain by Grinder (6 damage)
             ... while paralysed by Grinder
             ... on level 5 of the Dungeon on Feb 2, 2020.
             The game lasted 00:21:40 (4863 turns).

Notrik the Covert (Vampire Assassin)                Turns: 4863, Time: 00:21:41

Health: -3/53      AC:  5    Str: 11 (12) XL:     7   Next: 48%
Magic:  7/7        EV:  2    Int: 11 (13) God:
Gold:   186        SH:  0    Dex: 13 (16) Spells: 6/6 levels left

rFire    + . .     SeeInvis +   a - +2 dagger
rCold    + . .     Gourm    .   (no shield)
rNeg     . . .     Faith    .   m - +0 ring mail
rPois    .         Spirit   .   (no helmet)
rElec    .         Reflect  .   E - scarf {rC+ rF+}
rCorr    .         Harm     .   (no gloves)
MR       .....                  (no boots)
Stlth    +++.......             e - amulet of regeneration
HPRegen  0.77/turn              (no ring)
MPRegen  0.10/turn              (no ring)

@: paralysed, lethally poisoned (-3 -> -3), regenerating quickly
A: no food, fangs 3, see invisible, unbreathing
a: Exsanguinate


You were on level 5 of the Dungeon.
You were alive.

You visited 1 branch of the dungeon, and saw 5 of its levels.
You also visited: Sewer.

You collected 186 gold pieces.

Inventory:

Hand Weapons
 a - a +2 dagger (weapon)
Missiles
 d - 11 poisoned darts (quivered)
 u - 8 atropa-tipped darts
 y - 2 curare-tipped darts {!f}
Armour
 b - a +0 robe
 c - a +0 cloak
 m - a +0 ring mail (worn)
   (You found it on level 2 of the Dungeon)
 t - a +2 cloak of poison resistance
   (You took it off Crazy Yiuf on level 2 of the Dungeon)
 E - a scarf of resistance (worn)
   (You found it on level 4 of the Dungeon)
Jewellery
 e - an amulet of regeneration (around neck)
   (You found it on level 4 of the Dungeon)
 D - an uncursed ring of ice
   (You took it off an orc on level 4 of the Dungeon)
Scrolls
 f - a scroll of noise {unknown}
 g - a scroll of identify {@r1}
 h - a scroll of enchant weapon {unknown}
 j - 5 scrolls of teleportation {@r4}
 l - 2 scrolls of magic mapping {unknown}
 o - 2 scrolls of amnesia {unknown}
 p - 2 scrolls of remove curse {unknown}
 q - 2 scrolls of enchant armour {unknown}
 v - 2 scrolls of blinking {unknown}
 C - a scroll of immolation {unknown}
Potions
 i - 3 potions of mutation {!q}
 k - 2 potions of cancellation {unknown}
 n - 3 potions of curing {unknown}
 r - a potion of berserk rage {unknown}
 s - 3 potions of degeneration {!q}
 w - a potion of magic {unknown}
 x - a potion of agility {unknown}
 z - a potion of brilliance {unknown}
 A - 2 potions of haste {unknown}
 B - a potion of flight {unknown}


   Skills:
 + Level 3.7 Fighting
 + Level 4.5 Short Blades
 + Level 3.4 Throwing
 + Level 4.0 Dodging
 + Level 8.2 Stealth


You had 6 spell levels left.
You didn't know any spells.
Your spell library was empty.

Dungeon Overview and Level Annotations

Branches:
Dungeon (5/15)              Sewer (visited)
 Temple: D:4-7

Altars:
Elyvilon
Gozag
Okawaru
Trog

Annotations:
D:5 Eustachio, Grinder, Pikel


Innate Abilities, Weirdness & Mutations

You do not eat.
Your natural rate of healing is unusually fast.
You have razor-sharp teeth.
You have supernaturally acute eyesight. (SInv)
You can survive without breathing.


Message History

Pikel freezes you.
You hit Pikel but do no damage. Grinder hits you but does no damage.
You barely miss Pikel. Pikel hits you but does no damage.
Grinder zaps a wand.
You easily resist.
The slave hits you but does no damage.
You hit Pikel but do no damage.
Pikel sighs. "I should capture elves; my bodyguards all look the same!"
Pikel hits you but does no damage. The slave hits you but does no damage.
Grinder zaps a wand.
You easily resist.
The now-empty wand crumbles to dust.
You closely miss Pikel.
You feel sick. Pikel hits you but does no damage. The slave hits you.
Grinder hits you but does no damage.
You barely miss Pikel. The slave hits you but does no damage.
Pikel hits you but does no damage.
You hit Pikel. The slave hits you but does no damage. Grinder gestures at you.
You suddenly lose the ability to move!
Pikel hits you with a +2 whip of freezing.
Pikel freezes you. The slave hits you but does no damage.
Eustachio casts a spell.
The slave hits you but does no damage. Grinder hits you but does no damage.
You feel sick. The slave barely misses you. Pikel hits you but does no damage.
The slave hits you. Grinder hits you.
You feel less wooden.
Your scarf of resistance unmelds from your body.
Your +0 ring mail unmelds from your body.
You feel resistant to extremes of temperature.
Pikel hits you with a +2 whip of freezing.
Pikel freezes you. The slave hits you. The slave hits you but does no damage.
Grinder hits you but does no damage.
Pikel hits you with a +2 whip of freezing!
The slave hits you.
* * * LOW HITPOINT WARNING * * *
Eustachio gestures wildly while chanting.
The slave hits you.
* * * LOW HITPOINT WARNING * * *
Grinder hits you.
* * * LOW HITPOINT WARNING * * *
You writhe in agony.
* * * LOW HITPOINT WARNING * * *
The worker ant waves its antennae.
Pikel hits you with a +2 whip of freezing.
* * * LOW HITPOINT WARNING * * *
Eustachio casts a spell.
The slave hits you.
* * * LOW HITPOINT WARNING * * *
The slave hits you but does no damage. Grinder hits you.
* * * LOW HITPOINT WARNING * * *
You writhe in agony.
You die...

#...............#..#
..................###
.......<............#
.................#..#
.....#..........##..#
.g.................##
...##...........>.##
..# ###.......#....#
.. #K@5......#...##
...rr@pp##..##....##
...#bap####.##...## .
#r## ######## ##


You could see Eustachio, Pikel, Grinder, 3 slaves, a worker ant, a river rat, a
quokka, a bat and a rat.

Vanquished Creatures
  Sigmund (D:5)
  A phantom (D:4)
  An ogre (D:5)
  A necrophage (D:5)
  A howler monkey (D:5)
  An orc priest (D:4)
  Crazy Yiuf (D:2)
  A gnoll (D:3)
  13 adders
  A worm (D:2)
  4 dart slugs
  5 leopard geckos
  8 orcs
  7 ball pythons
  9 bats
  3 giant cockroaches
  4 goblins
  3 hobgoblins
  9 jackals
  5 frilled lizards
  20 kobolds
  A quokka skeleton (D:5)
  8 rats
  3 plants (Sewer)
111 creatures vanquished.

Vanquished Creatures (others)
  A plant (Sewer)
1 creature vanquished.

Grand Total: 112 creatures vanquished

Notes
Turn   | Place    | Note
-------+----------+-------------------------------------------
     0 | D:1      | Notrik the Vampire Assassin began the quest for the Orb.
     0 | D:1      | Reached XP level 1. HP: 16/16 MP: 1/1
   202 | D:1      | Reached skill level 6 in Stealth
   215 | D:1      | Reached XP level 2. HP: 22/22 MP: 2/2
   745 | D:2      | Reached XP level 3. HP: 23/27 MP: 3/3
   945 | D:2      | Found a runed translucent door.
   946 | D:2      | Noticed Crazy Yiuf
  1263 | D:2      | Found an opulent altar of Gozag.
  1305 | D:2      | Found a white marble altar of Elyvilon.
  1317 | D:2      | Reached XP level 4. HP: 34/34 MP: 4/4
  1561 | D:2      | Killed Crazy Yiuf
  2021 | D:3      | Found a glowing drain.
  2025 | Sewer    | Entered a sewer
  2154 | Sewer    | Reached XP level 5. HP: 33/39 MP: 5/5
  3105 | D:3      | Found a bloodstained altar of Trog.
  3156 | D:3      | Found an iron altar of Okawaru.
  3248 | D:3      | Reached skill level 7 in Stealth
  3728 | D:4      | Noticed a phantom
  3744 | D:4      | Killed a phantom
  3744 | D:4      | Reached XP level 6. HP: 41/47 MP: 6/6
  4418 | D:5      | Entered Level 5 of the Dungeon
  4460 | D:5      | Noticed an ice beast
  4513 | D:5      | Noticed Eustachio
  4567 | D:5      | Reached XP level 7. HP: 37/52 MP: 7/7
  4594 | D:5      | Noticed Sigmund
  4625 | D:5      | Killed Sigmund
  4625 | D:5      | Reached skill level 8 in Stealth
  4833 | D:5      | Noticed Grinder
  4837 | D:5      | Paralysed by Grinder for 2 turns
  4838 | D:5      | Noticed Pikel
  4858 | D:5      | Paralysed by Grinder for 6 turns
  4863 | D:5      | Slain by Grinder

Levels and vault maps discovered:
D:1:      psy_arrival_whirlpool, layout_rooms
D:2:      minmay_spotlight, layout_basic, elyvilon_altar_3,
          lemuel_coloured_pillars_altar, first_ration, uniq_crazy_yiuf_cottage
D:3:      layout_loops_ring, okawaru_altar_gauntlet_db, bloody_trog,
          gup_sewer_entry_spiral
D:4:      layout_loops_ring, minmay_misc_feat_secret_circle,
          minmay_misc_feat_pillars
D:5:      layout_cave_pools, gammafunk_ghost_grave, uniq_blork_the_orc,
          uniq_pikel, uniq_grinder, uniq_sigmund, uniq_eustachio

Skill      XL: |  1  2  3  4  5  6  7 |
---------------+----------------------+-----
Stealth        | 6 7 8 |  8.2
Fighting       | 2 3 |  3.7
Throwing       | 2 3 |  3.4
Dodging        | 2 3 4 |  4.0
Short Blades   | 3 4 |  4.5

Action                   |  1- 3 |  4- 6 |  7- 9 || total
-------------------------+-------+-------+-------++-------
Melee: Dagger            |   104 |   652 |    61 ||   817
       Bite              |    10 |    61 |     9 ||    80
Throw: Dart              |    18 |    12 |       ||    30
  Use: Scroll            |     1 |     3 |     1 ||     5
       Potion            |       |       |     1 ||     1
 Stab: Sleeping          |     6 |     7 |       ||    13
Armor: Robe              |    13 |       |       ||    13
       Ring mail         |    17 |   150 |     9 ||   176
       Skin              |       |       |    26 ||    26
Dodge: Dodged            |    54 |   265 |    32 ||   351
